TOP OF THE 1ST |
High Desert Mavericks batting - Pitching for Dunedin Blue Jays : RHP Troy Baker
|
Pitching: RHP Troy Baker
|
|
Batting: RHB Darnell Jones
|
0-0: Called Strike 0-1: Foul Ball, location: 2F 0-2: Strikes out looking
|
Batting: LHB Nick Foutz
|
0-0: Ball 1-0: Ball 2-0: Swinging Strike 2-1: Foul Ball, location: 2F 2-2: Strikes out swinging
|
Batting: LHB Manuel Arguello
|
0-0: Called Strike 0-1: Foul Ball, location: 2F 0-2: Ground out 6-3 (Groundball, 6, EV 87.5 MPH)
|
Top of the 1st over - 0 runs, 0 hits, 0 errors, 0 left on base; High Desert 0 - Dunedin 0 |
BOTTOM OF THE 1ST |
Dunedin Blue Jays batting - Pitching for High Desert Mavericks : RHP Jose Barragan
|
Pitching: RHP Jose Barragan
|
|
Batting: RHB Justin Powell
|
0-0: DOUBLE (Line Drive, 89D, EV 105.0 MPH)
|
Batting: RHB Butch Koglin
|
0-0: Ball 1-0: Swinging Strike 1-1: Ball 2-1: Ball 3-1: Foul Ball, location: 2F 3-2: Strikes out swinging
|
Batting: LHB Tony Vitela
|
0-0: Called Strike Justin Powell steals 3rd base 0-1: Ball 1-1: Ball 2-1: Foul Ball, location: 2F 2-2: Ball 3-2: Foul Ball, location: 2F 3-2: Strikes out swinging
|
Batting: SHB Jack Andrews
|
0-0: Called Strike 0-1: Foul Ball, location: 2F 0-2: Foul Ball, location: 2F 0-2: Foul Ball, location: 2F 0-2: Ball 1-2: Strikes out swinging
|
Bottom of the 1st over - 0 runs, 1 hit, 0 errors, 1 left on base; High Desert 0 - Dunedin 0 |
TOP OF THE 2ND |
High Desert Mavericks batting - Pitching for Dunedin Blue Jays : RHP Troy Baker
|
Batting: RHB Jesse White
|
0-0: Called Strike 0-1: Ball 1-1: Swinging Strike 1-2: Ball 2-2: Foul Ball, location: 2F 2-2: Ball 3-2: Strikes out swinging
|
Batting: LHB Yat-sen Zhu
|
0-0: Ball 1-0: Ball 2-0: Foul Ball, location: 2F 2-1: Called Strike 2-2: Foul Ball, location: 2F 2-2: Ground out 6-3 (Groundball, 4S, EV 89.4 MPH)
|
Batting: RHB Tom Beckman
|
0-0: Ball 1-0: Called Strike 1-1: Ball 2-1: Called Strike 2-2: Foul Ball, location: 2F 2-2: Foul Ball, location: 2F 2-2: Strikes out swinging
|
Top of the 2nd over - 0 runs, 0 hits, 0 errors, 0 left on base; High Desert 0 - Dunedin 0 |
BOTTOM OF THE 2ND |
Dunedin Blue Jays batting - Pitching for High Desert Mavericks : RHP Jose Barragan
|
Batting: LHB Rodrigo Briceno
|
0-0: Called Strike 0-1: Foul Ball, location: 2F 0-2: Ball 1-2: Ball 2-2: Foul Ball, location: 2F 2-2: Foul Ball, location: 2F 2-2: Strikes out swinging
|
Batting: SHB Ryan Chicoine
|
0-0: Ball 1-0: Foul Ball, location: 2F 1-1: Ball 2-1: Ball 3-1: Swinging Strike 3-2: SINGLE (Flyball, 7LS, EV 98.1 MPH)
|
Batting: RHB Wade Diamond
|
0-0: Ball 1-0: Called Strike 1-1: Fielders Choice at 2nd, 5-4 (Groundball, 56S, EV 87.5 MPH)
|
Batting: RHB Luis Reyes
|
0-0: Hit by Pitch Wade Diamond to second
|
Batting: RHB Selam Chimsima
|
0-0: Swinging Strike 0-1: Ball 1-1: Ball 2-1: Foul Ball, location: 2F 2-2: Strikes out swinging
|
Bottom of the 2nd over - 0 runs, 1 hit, 0 errors, 2 left on base; High Desert 0 - Dunedin 0 |
TOP OF THE 3RD |
High Desert Mavericks batting - Pitching for Dunedin Blue Jays : RHP Troy Baker
|
Batting: RHB Andrew Clarke
|
0-0: Ball 1-0: Foul Ball, location: 2F 1-1: Ball 2-1: Ball 3-1: SINGLE (Groundball, 34D, EV 82.5 MPH) (infield hit)
|
Batting: RHB Dale Aubrey
|
0-0: Ball 1-0: Called Strike 1-1: Ball 2-1: Foul Ball, location: 2F 2-2: Ball 3-2: Strikes out swinging Andrew Clarke is caught stealing 2nd base 2-4 Batter strikes out.
|
Batting: LHB Rich Atterberry
|
0-0: Called Strike 0-1: Ball 1-1: DOUBLE (Line Drive, 9LS, EV 99.4 MPH)
|
Batting: RHB Darnell Jones
|
0-0: Ball 1-0: Called Strike 1-1: Fly out, F8 (Flyball, 8LD, EV 87.5 MPH)
|
Top of the 3rd over - 0 runs, 2 hits, 0 errors, 1 left on base; High Desert 0 - Dunedin 0 |
BOTTOM OF THE 3RD |
Dunedin Blue Jays batting - Pitching for High Desert Mavericks : RHP Jose Barragan
|
Batting: RHB Justin Powell
|
0-0: Ball 1-0: Swinging Strike 1-1: Foul Ball, location: 2F 1-2: Strikes out looking
|
Batting: RHB Butch Koglin
|
0-0: Ball 1-0: Ball 2-0: Ball 3-0: Called Strike 3-1: Foul Ball, location: 2F 3-2: Strikes out swinging
|
Batting: LHB Tony Vitela
|
0-0: Ball 1-0: Foul Ball, location: 2F 1-1: Foul Ball, location: 2F 1-2: Strikes out swinging
|
Bottom of the 3rd over - 0 runs, 0 hits, 0 errors, 0 left on base; High Desert 0 - Dunedin 0 |
TOP OF THE 4TH |
High Desert Mavericks batting - Pitching for Dunedin Blue Jays : RHP Troy Baker
|
Batting: LHB Nick Foutz
|
0-0: Ball 1-0: Ball 2-0: Foul Ball, location: 2F 2-1: Swinging Strike 2-2: Foul Ball, location: 2F 2-2: Foul Ball, location: 2F 2-2: Foul Ball, location: 2F 2-2: Foul Ball, location: 2F 2-2: Ball 3-2: Strikes out swinging
|
Batting: LHB Manuel Arguello
|
0-0: Ball 1-0: Fly out, F7 (Flyball, 7, EV 96.9 MPH)
|
Batting: RHB Jesse White
|
0-0: Ball 1-0: Ball 2-0: Ball 3-0: Called Strike 3-1: Called Strike 3-2: TRIPLE (Line Drive, 89XD, EV 110.0 MPH)
|
Batting: LHB Yat-sen Zhu
|
0-0: Called Strike 0-1: Called Strike 0-2: Strikes out swinging
|
Top of the 4th over - 0 runs, 1 hit, 0 errors, 1 left on base; High Desert 0 - Dunedin 0 |
BOTTOM OF THE 4TH |
Dunedin Blue Jays batting - Pitching for High Desert Mavericks : RHP Jose Barragan
|
Batting: SHB Jack Andrews
|
0-0: DOUBLE (Flyball, 78D, EV 100.0 MPH)
|
Batting: LHB Rodrigo Briceno
|
0-0: Ball Jack Andrews steals 3rd base 1-0: Called Strike 1-1: Called Strike 1-2: Foul Ball, location: 2F 1-2: Strikes out swinging
|
Batting: SHB Ryan Chicoine
|
0-0: Called Strike 0-1: Called Strike 0-2: Ball 1-2: Ball 2-2: Strikes out looking
|
Batting: RHB Wade Diamond
|
0-0: Fly out, F7 (Flyball, 78S, EV 83.8 MPH)
|
Bottom of the 4th over - 0 runs, 1 hit, 0 errors, 1 left on base; High Desert 0 - Dunedin 0 |
TOP OF THE 5TH |
High Desert Mavericks batting - Pitching for Dunedin Blue Jays : RHP Troy Baker
|
Batting: RHB Tom Beckman
|
0-0: Ball 1-0: Foul Ball, location: 2F 1-1: Swinging Strike 1-2: Ball 2-2: Foul Ball, location: 2F 2-2: Ball 3-2: Ground out 6-3 (Groundball, 6, EV 87.5 MPH)
|
Pitching: LHP Antonio Villarreal
|
|
Batting: RHB Andrew Clarke
|
0-0: Ball 1-0: Fly out, F7 (Flyball, 7S, EV 83.8 MPH)
|
Batting: RHB Dale Aubrey
|
0-0: Called Strike 0-1: Ball 1-1: Called Strike 1-2: Ball 2-2: Foul Ball, location: 2F 2-2: Strikes out swinging
|
Top of the 5th over - 0 runs, 0 hits, 0 errors, 0 left on base; High Desert 0 - Dunedin 0 |
BOTTOM OF THE 5TH |
Dunedin Blue Jays batting - Pitching for High Desert Mavericks : RHP Jose Barragan
|
Batting: RHB Luis Reyes
|
0-0: Ball 1-0: Ball 2-0: Called Strike 2-1: Swinging Strike 2-2: Fly out, F8 (Flyball, 8LM, EV 89.4 MPH)
|
Batting: RHB Selam Chimsima
|
0-0: SOLO HOME RUN (Flyball, 7D, EV 97.5 MPH), Distance : 361 ft
|
Batting: RHB Justin Powell
|
0-0: Fly out, F4 (Line Drive, 4, EV 75.0 MPH)
|
Batting: RHB Butch Koglin
|
0-0: Ball 1-0: Called Strike 1-1: Foul Ball, location: 2F 1-2: Hit by Pitch
|
Batting: LHB Tony Vitela
|
0-0: Swinging Strike 0-1: Ground out 6-3 (Groundball, 6MS, EV 85.6 MPH)
|
Bottom of the 5th over - 1 run, 1 hit, 0 errors, 1 left on base; High Desert 0 - Dunedin 1 |
TOP OF THE 6TH |
High Desert Mavericks batting - Pitching for Dunedin Blue Jays : LHP Antonio Villarreal
|
Batting: LHB Rich Atterberry
|
0-0: Ball 1-0: Ball 2-0: Called Strike 2-1: Ball 3-1: Foul Ball, location: 2F 3-2: Foul Ball, location: 2F 3-2: SOLO HOME RUN (Flyball, 7D, EV 96.2 MPH), Distance : 365 ft
|
Batting: RHB Darnell Jones
|
0-0: Called Strike 0-1: Foul Ball, location: 2F 0-2: Ball 1-2: Foul Ball, location: 2F 1-2: Ball 2-2: Ball 3-2: Foul Ball, location: 2F 3-2: Strikes out looking
|
Pitching: RHP Jose Ramos
|
|
Batting: LHB Nick Foutz
|
0-0: Swinging Strike 0-1: Ball 1-1: Swinging Strike 1-2: Ball 2-2: Foul Ball, location: 2F 2-2: Reached on error, E6 (Groundball, 4M, EV 99.4 MPH)
|
Batting: LHB Manuel Arguello
|
0-0: Ball 1-0: Called Strike 1-1: Ball 2-1: Swinging Strike 2-2: Ball 3-2: Strikes out swinging Nick Foutz steals 2nd base (no throw) Batter strikes out.
|
Batting: RHB Jesse White
|
0-0: Swinging Strike 0-1: Foul Ball, location: 2F 0-2: Ball 1-2: Ball 2-2: Foul Ball, location: 2F 2-2: Fly out, F7 (Flyball, 7D, EV 101.9 MPH)
|
Top of the 6th over - 1 run, 1 hit, 1 error, 1 left on base; High Desert 1 - Dunedin 1 |
BOTTOM OF THE 6TH |
Dunedin Blue Jays batting - Pitching for High Desert Mavericks : RHP Jose Barragan
|
Batting: SHB Jack Andrews
|
0-0: Ball 1-0: Ball 2-0: Ball 3-0: Called Strike 3-1: Base on Balls
|
Batting: LHB Rodrigo Briceno
|
0-0: Ball Jack Andrews steals 2nd base 1-0: Fly out, F7 (Flyball, 7D, EV 91.9 MPH) Runner from 2nd tags up, SAFE at 3rd, no throw by LF
|
Batting: SHB Ryan Chicoine
|
0-0: Ball 1-0: Ball 2-0: Ball 3-0: Called Strike 3-1: Foul Ball, location: 2F 3-2: Base on Balls
|
Batting: RHB Wade Diamond
|
0-0: Foul Ball, location: 2F 0-1: Called Strike 0-2: Ball 1-2: Ball Ryan Chicoine steals 2nd base (no throw) 2-2: Fly out, F8 (Line Drive, 78M, EV 93.8 MPH) Runner from 3rd tags up, OUT at HOME! 8-2
|
Bottom of the 6th over - 0 runs, 0 hits, 0 errors, 1 left on base; High Desert 1 - Dunedin 1 |
TOP OF THE 7TH |
High Desert Mavericks batting - Pitching for Dunedin Blue Jays : RHP Jose Ramos
|
Pitching: RHP Dan Korte
|
|
Batting: LHB Yat-sen Zhu
|
0-0: Called Strike 0-1: Ground out 4-3 (Groundball, 4, EV 81.9 MPH)
|
Batting: RHB Tom Beckman
|
0-0: Ball 1-0: Foul Ball, location: 2F 1-1: Ball 2-1: Ball 3-1: Ground out 4-3 (Groundball, 4, EV 91.2 MPH)
|
Batting: RHB Andrew Clarke
|
0-0: Foul Ball, location: 2F 0-1: Swinging Strike 0-2: Ball 1-2: Strikes out swinging, 2-3 out at first.
|
Top of the 7th over - 0 runs, 0 hits, 0 errors, 0 left on base; High Desert 1 - Dunedin 1 |
BOTTOM OF THE 7TH |
Dunedin Blue Jays batting - Pitching for High Desert Mavericks : RHP Jose Barragan
|
Pitching: RHP Matt Fox
|
|
Batting: RHB Luis Reyes
|
0-0: Ground out 6-3 (Groundball, 6, EV 86.9 MPH)
|
Batting: RHB Selam Chimsima
|
0-0: Swinging Strike 0-1: Called Strike 0-2: Ball 1-2: Strikes out swinging
|
Batting: RHB Justin Powell
|
0-0: Swinging Strike 0-1: Ball 1-1: Foul Ball, location: 2F 1-2: Ball 2-2: Foul Ball, location: 2F 2-2: Foul Ball, location: 2F 2-2: Foul Ball, location: 2F 2-2: Strikes out swinging
|
Bottom of the 7th over - 0 runs, 0 hits, 0 errors, 0 left on base; High Desert 1 - Dunedin 1 |
TOP OF THE 8TH |
High Desert Mavericks batting - Pitching for Dunedin Blue Jays : RHP Dan Korte
|
Batting: RHB Dale Aubrey
|
0-0: Called Strike 0-1: Called Strike 0-2: Ball 1-2: DOUBLE (Flyball, 89XD, EV 106.9 MPH) - OUT at third base trying to stretch hit.
|
Batting: LHB Rich Atterberry
|
0-0: Ball 1-0: Ball 2-0: Ball 3-0: Base on Balls
|
Batting: RHB Darnell Jones
|
0-0: Foul Ball, location: 2F 0-1: Ball 1-1: Foul Ball, location: 2F 1-2: Ball 2-2: Foul Ball, location: 2F 2-2: Foul Ball, location: 2F 2-2: Foul Ball, location: 2F 2-2: Strikes out looking
|
Pitching: LHP Dylan Batstone
|
|
Batting: LHB Nick Foutz
|
0-0: Called Strike 0-1: Ball 1-1: Ball 2-1: Ball 3-1: Base on Balls Rich Atterberry to second
|
Pinch Runner at 2nd Steve Haskins:
|
|
Pinch Hitting: RHB David Fernandez
|
0-0: Ball 1-0: Foul Ball, location: 2F 1-1: Swinging Strike 1-2: Strikes out swinging
|
Top of the 8th over - 0 runs, 1 hit, 0 errors, 2 left on base; High Desert 1 - Dunedin 1 |
BOTTOM OF THE 8TH |
Dunedin Blue Jays batting - Pitching for High Desert Mavericks : RHP Matt Fox
|
Now at C: Steve Haskins
|
|
Now in RF: Antonio Pacheco
|
|
Batting: RHB Butch Koglin
|
0-0: Called Strike 0-1: Called Strike 0-2: Ball 1-2: Strikes out swinging
|
Pitching: LHP Steve Calhoon
|
|
Pinch Hitting: RHB Cesar Ortega
|
0-0: Called Strike 0-1: Ball 1-1: Called Strike 1-2: Strikes out swinging
|
Batting: SHB Jack Andrews
|
0-0: Foul Ball, location: 2F 0-1: Fly out, F8 (Line Drive, 78M, EV 93.8 MPH)
|
Bottom of the 8th over - 0 runs, 0 hits, 0 errors, 0 left on base; High Desert 1 - Dunedin 1 |
TOP OF THE 9TH |
High Desert Mavericks batting - Pitching for Dunedin Blue Jays : LHP Dylan Batstone
|
Pitching: RHP Kirk Thacker
|
|
Now in RF: Scott Robbins
|
|
Batting: RHB Jesse White
|
0-0: Ball 1-0: Foul Ball, location: 2F 1-1: Fly out, F9 (Line Drive, 9, EV 94.4 MPH)
|
Batting: LHB Yat-sen Zhu
|
0-0: Ball 1-0: Foul Ball, location: 2F 1-1: Ball 2-1: Ball 3-1: Foul Ball, location: 2F 3-2: Base on Balls
|
Batting: RHB Tom Beckman
|
0-0: Called Strike 0-1: Foul Ball, location: 2F 0-2: Ball 1-2: Ball 2-2: Foul Ball, location: 2F 2-2: Ball 3-2: Foul Ball, location: 2F 3-2: SINGLE (Line Drive, 5D, EV 109.4 MPH) Yat-sen Zhu to second Yat-sen Zhu to third
|
Batting: RHB Andrew Clarke
|
0-0: Called Strike 0-1: Ball 1-1: Foul Ball, location: 2F 1-2: Foul Ball, location: 2F 1-2: Strikes out swinging
|
Pitching: RHP Jordan Jacobo
|
|
Batting: RHB Dale Aubrey
|
0-0: Ball 1-0: Foul Ball, location: 2F 1-1: Fly out, F9 (Flyball, 89D, EV 100.0 MPH)
|
Top of the 9th over - 0 runs, 1 hit, 0 errors, 2 left on base; High Desert 1 - Dunedin 1 |
BOTTOM OF THE 9TH |
Dunedin Blue Jays batting - Pitching for High Desert Mavericks : LHP Steve Calhoon
|
Pitching: RHP Manny Cabrera
|
|
Batting: LHB Rodrigo Briceno
|
0-0: Ball 1-0: Called Strike 1-1: Foul Ball, location: 2F 1-2: Ball 2-2: Foul Ball, location: 2F 2-2: Foul Ball, location: 2F 2-2: Foul Ball, location: 2F 2-2: Foul Ball, location: 2F 2-2: Foul Ball, location: 2F 2-2: Foul Ball, location: 2F 2-2: Ground out 6-3 (Groundball, 6D, EV 111.2 MPH)
|
Batting: SHB Ryan Chicoine
|
0-0: Swinging Strike 0-1: Ball 1-1: Ball 2-1: Called Strike 2-2: Ball 3-2: Strikes out swinging
|
Batting: RHB Wade Diamond
|
0-0: Ball 1-0: Ball 2-0: Foul Ball, location: 2F 2-1: Fly out, F7 (Line Drive, 7S, EV 90.0 MPH)
|
Bottom of the 9th over - 0 runs, 0 hits, 0 errors, 0 left on base; High Desert 1 - Dunedin 1 |
TOP OF THE 10TH |
High Desert Mavericks batting - Pitching for Dunedin Blue Jays : RHP Jordan Jacobo
|
Pinch Hitting: LHB Otte Klijnsma
|
0-0: Ground out 6-3 (Groundball, 4M, EV 78.1 MPH)
|
Batting: RHB Darnell Jones
|
0-0: Ball 1-0: Foul Ball, location: 2F 1-1: Fly out, F9 (Flyball, 9S, EV 89.4 MPH)
|
Batting: LHB Nick Foutz
|
0-0: Ball 1-0: Foul Ball, location: 2F 1-1: SOLO HOME RUN (Line Drive, 9D, EV 98.8 MPH), Distance : 364 ft
|
Batting: RHB Antonio Pacheco
|
0-0: Ball 1-0: Ball 2-0: Called Strike 2-1: Foul Ball, location: 2F 2-2: Ball 3-2: Strikes out swinging
|
Top of the 10th over - 1 run, 1 hit, 0 errors, 0 left on base; High Desert 2 - Dunedin 1 |
BOTTOM OF THE 10TH |
Dunedin Blue Jays batting - Pitching for High Desert Mavericks : RHP Manny Cabrera
|
Now at C: Chris Powell
|
|
Now at 1B: Bernie Varela
|
|
Batting: RHB Luis Reyes
|
0-0: Ball 1-0: Ball 2-0: Foul Ball, location: 2F 2-1: Swinging Strike 2-2: Foul Ball, location: 2F 2-2: Strikes out swinging
|
Batting: RHB Selam Chimsima
|
0-0: SINGLE (Line Drive, 4M, EV 95.6 MPH)
|
Pitching: RHP Mike Warren
|
|
Batting: RHB Justin Powell
|
0-0: Called Strike 0-1: Foul Ball, location: 2F 0-2: SINGLE (Line Drive, 7S, EV 95.6 MPH) Selam Chimsima to second
|
Batting: RHB Butch Koglin
|
0-0: Called Strike 0-1: Swinging Strike 0-2: Ball 1-2: Foul Ball, location: 2F 1-2: DOUBLE (Line Drive, 5D, EV 100.6 MPH) Selam Chimsima scores Justin Powell to third
|
Batting: SHB Scott Robbins
|
0-0: Ball 1-0: Called Strike 1-1: Foul Ball, location: 2F 1-2: Fly out, F7 (Flyball, 7, EV 75.0 MPH) Runner from 3rd tags up, SCORES, no throw by LF
|
Bottom of the 10th over - 2 runs, 3 hits, 0 errors, 1 left on base; High Desert 2 - Dunedin 3 |
|